 Dungeon Crawl Stone Soup version 0.30-b1-2-g02819fbbbe (webtiles) character file.

Game seed: 11429981464638423853

307 nightchill the Chopper (level 6, 0/56 HPs)
             Began as a Minotaur Fighter on Jan 11, 2024.
             Was a Believer of the Shining One.
             Slain by a black bear (1 damage)
             ... on level 4 of the Dungeon.
             The game lasted 00:03:26 (2293 turns).

nightchill the Chopper (Minotaur Fighter)           Turns: 2293, Time: 00:03:27

Health: 0/56       AC:  9    Str: 22    XL:     6   Next: 16%
Magic:  5/5        EV:  8    Int:  5    God:    the Shining One [**....]
Gold:   139        SH:  9    Dex: 10    Spells: 5/5 levels left

rFire   . . .        a - +0 war axe
rCold   . . .        c - +0 buckler
rNeg    + . .        p - +0 chain mail
rPois   .            (helmet restricted)
rElec   .            (no cloak)
rCorr   .            (no gloves)
SInv    .            (no boots)
Will    .....        n - amulet of reflection Stlth
                     (no ring)
HPRegen 0.29/turn    (no ring)
MPRegen 0.09/turn

%: reflection
@: glowing
A: horns 2, retaliatory headbutt
a: Renounce Religion, Divine Shield


You were on level 4 of the Dungeon.
You worshipped the Shining One.
The Shining One was pleased with you.
You visited 1 branch of the dungeon, and saw 4 of its levels.

You collected 139 gold pieces.

Inventory:

Hand Weapons
 a - a +0 war axe (weapon)
Missiles
 m - 2 curare-tipped darts (quivered)
Armour
 b - a +0 scale mail
 c - a +0 buckler (worn)
 p - a +0 chain mail (worn)
Jewellery
 n - an amulet of reflection (around neck)
 o - a ring of ice
 u - a ring of see invisible
Wands
 q - a wand of mindburst (20)
Scrolls
 h - 4 scrolls of identify {unknown}
 r - a scroll of blinking {unknown}
 t - a scroll of noise {unknown}
Potions
 d - 2 potions of cancellation {unknown}
 e - a potion of attraction {unknown}
 f - a potion of berserk rage {unknown}
 g - 3 potions of heal wounds {unknown}
 i - a potion of curing {unknown}
 j - a potion of ambrosia {unknown}
 k - a potion of haste {unknown}
 l - 2 potions of mutation {unknown}
 s - a potion of brilliance {unknown}


   Skills:
 + Level 5.6 Fighting
 * Level 6.6 Axes
 - Level 3.6 Armour
 - Level 3.6 Shields


You had 5 spell levels left.
You didn't know any spells.
Your spell library contained the following spells:

 Spells                   Type           Power      Damage    Failure   Level
 Call Canine Familiar     Summ           0%         N/A       100%        3
 Hailstorm                Conj/Ice       0%         3d3       100%        3
 Portal Projectile        Hex/Tloc       0%         N/A       100%        3
 Ice Form                 Ice/Tmut       0%         N/A       100%        4
 Leda's Liquefaction      Hex/Erth       0%         N/A       100%        4
 Passage of Golubria      Tloc           0%         N/A       100%        4
 Silence                  Hex/Air        0%         N/A       100%        5
 Simulacrum               Ice/Necr       0%         N/A       100%        6
 Lehudib's Crystal Spear  Conj/Erth      0%         10d2      100%        8


Dungeon Overview and Level Annotations

Branches:
Dungeon (4/15)
 Temple: D:4-7

Altars:
The Shining One

Shops:
D:1 [


Innate Abilities, Weirdness & Mutations

You have a pair of horns on your head.
You reflexively headbutt those who attack you in melee.


Message History

u - a ring of see invisible A steam dragon comes into view.
Found a steaming whip.
The steam dragon hisses angrily.
The steam dragon breathes steam at you. The ball of steam hits you!
The steam dragon moves out of view.
Found a bronze wand.
The steam dragon breathes steam at you. The ball of steam hits you!
* * * LOW HITPOINT WARNING * * *
You hear an angry growl.
You barely miss the steam dragon. Your headbutt misses the steam dragon.
A black bear comes into view.
The steam dragon bites you.
* * * LOW HITPOINT WARNING * * *
The steam dragon claws you but does no damage.
You slash the steam dragon!
The steam dragon is moderately wounded.
You feel a little less mighty now. The steam dragon breathes steam at you.
The ball of steam hits you!
* * * LOW HITPOINT WARNING * * *
The steam dragon barely misses you.
The steam dragon claws you but does no damage.
You barely miss the steam dragon.
The steam dragon is moderately wounded.
You block the steam dragon's attack.
The steam dragon claws you but does no damage.
You slash the steam dragon!
The steam dragon is severely wounded.
The steam dragon barely misses you.
The steam dragon claws you but does no damage.
You block the black bear's attack.
The black bear claws you but does no damage.
The black bear barely misses you. The steam dragon breathes steam at you.
The ball of steam hits you!
* * * LOW HITPOINT WARNING * * *
The black bear bites you.
You die...

#####.#.# . ##.....#.#
# ##. .........# .#..
#.#
##.##########.#.#####.#
.......... .)......##.#
##.##########.#..#.##.#
#.# .........#.##.# #.#
#####.#..#.##.# ##.#
......#h@#.##.########
....
/.....D§§§§.........>#
##.#
.#.##.#§§#§##.######.#
#.# #.#..#....# #..#
#.# .
#..##########..####
##.# .)
#..................
.#.# ..
#.#########.†..####
.#.# #..............#
...#####.###
#########..######


You could see a steam dragon (catching breath) and a black bear.

Vanquished Creatures
  Edmund (D:4)
  A jelly (D:4)
  An iguana (D:4)
  6 adders
  A worm (D:2)
  4 dart slugs
  4 orcs
  4 bats (D:1)
  5 endoplasms
  7 giant cockroaches
  4 goblins
  3 hobgoblins
  5 jackals (D:1)
  6 kobolds
  A quokka (D:1)
  A ball python (D:2)
  4 frilled lizards
  7 rats
65 creatures vanquished.

Notes
Turn   | Place    | Note
-------+----------+-------------------------------------------
     0 | D:1      | nightchill the Minotaur Fighter began the quest for the
                  | Orb.
     0 | D:1      | Reached XP level 1. HP: 19/19 MP: 0/0
   220 | D:1      | Reached skill level 3 in Axes
   232 | D:1      | Reached XP level 2. HP: 27/27 MP: 1/1
   243 | D:1      | Found a faded altar of an unknown god.
   269 | D:1      | Prayed at the altar of an unknown god.
   269 | D:1      | Became a worshipper of the Shining One
   269 | D:1      | Reached * piety under the Shining One
   343 | D:1      | Found Maiveut's Antique Armour Shop.
   769 | D:2      | Reached XP level 3. HP: 29/33 MP: 2/2
   813 | D:2      | Reached skill level 4 in Axes
  1398 | D:3      | Reached XP level 4. HP: 41/41 MP: 3/3
  1859 | D:4      | Reached skill level 5 in Axes
  1862 | D:4      | Reached XP level 5. HP: 45/47 MP: 4/4
  1863 | D:4      | Reached skill level 5 in Fighting
  2088 | D:4      | Reached ** piety under the Shining One
  2215 | D:4      | Noticed Edmund
  2222 | D:4      | Killed Edmund
  2223 | D:4      | Reached skill level 6 in Axes
  2223 | D:4      | Reached XP level 6. HP: 51/56 MP: 5/5
  2284 | D:4      | Noticed a steam dragon
  2292 | D:4      | HP: 1/56 [steam dragon/ball of steam (12)]
  2293 | D:4      | Slain by a black bear

Illustrated notes

Levels and vault maps discovered:
D:1:      noname_arrival_rooms_in_the_neighbourhood, layout_loops_ring,
          serial_shops, nicolae_shop_back_alley_shop,
          ebering_ecumenical_altar_webs, st_stairs_13
D:2:      layout_rooms, grunt_ministairs_11
D:3:      layout_loops_ring, minmay_ruptured
D:4:      layout_basic, uniq_edmund

Skill      XL: |  1  2  3  4  5 |
---------------+----------------+-----
Axes           | 3 4 5 6 |  6.6
Fighting       | 4 5 |  5.6
Armour         | |  3.6
Shields        | |  3.6

Action                     |  1- 3 |  4- 6 || total
---------------------------+-------+-------++-------
  Melee: War axe           |    66 |    41 ||   107
         Headbutt          |     8 |     5 ||    13
    Use: Potion            |       |     1 ||     1
 Armour: Scale mail        |    27 |    13 ||    40
         Chain mail        |       |     8 ||     8
  Dodge: Dodged            |    20 |    17 ||    37
  Block: Buckler           |    23 |    12 ||    35
         Reflection        |       |     1 ||     1
